 Dungeon Crawl Stone Soup version 0.20.0-4-g10b340a (webtiles) character file.

1732133 newuser the Conqueror (level 27, 219/244 (245) HPs)
             Began as a Ghoul Fighter on May 28, 2017.
             Was the Champion of Ru.
             Escaped with the Orb
             ... and 3 runes!
             The game lasted 04:31:21 (70254 turns).

newuser the Conqueror (Ghoul Fighter)              Turns: 70254, Time: 04:31:22

HP:   219/244 (245) AC: 52    Str: 28    XL:     27
MP:   14/22         EV: 19    Int: 10    God:    Ru [******]
Gold: 6179          SH: 21    Dex: 19    Spells: 26/26 levels left

rFire    + + +     SeeInvis +   b - +9 blowgun
rCold    + + +     Gourm    .   U - +2 shield of Resistance {rF+ rC+ MR+}
rNeg     + + +     Faith    .   H - +11 crystal plate armour
rPois    ∞         Spirit   .   D - -2 hat of the Alchemist {rElec rPois rF+ rC+ rN+ MR+ rMut rCorr}
rElec    +         Reflect  +   J - +2 cloak {+Inv}
rCorr    +         Harm     .   r - +2 pair of gloves {Str+3}
rMut     +                      u - +2 pair of boots {run}
MR       ++++.                  q - +4 amulet of reflection
Stlth    ..........             R - ring of see invisible
Regen    0.0/turn               y - +3 ring of protection
MPRegen  0.2/turn

@: brilliant, agile, exhausted, resistant, flying, very slightly contaminated,
rotting, hasted, drained, invisible, very quick
A: rotting body, claws 1, carnivore 3, cold resistance 1, frail 1, negative
energy resistance 3, inhibited regeneration, torment resistance, unbreathing,
inability to use devices, hated by all, no conjurations magic, no ice magic, no
necromancy magic, disrupted magic 1
0: Orb of Zot
}: 3/15 runes: decaying, serpentine, slimy
a: Draw Out Power, Power Leap, Apocalypse, Renounce Religion


You escaped.
You worshipped Ru.
Ru was exalted by your worship.
You were not hungry.

You visited 12 branches of the dungeon, and saw 56 of its levels.
You also visited: Labyrinth, Trove and Ice Cave.

You collected 7021 gold pieces.
You spent 842 gold pieces at shops.

Inventory:

Hand Weapons
 b - a +9 blowgun (weapon)
Missiles
 p - 153 poisoned needles (quivered)
 s - 8 curare-tipped needles
 K - 3 throwing nets
 M - 15 javelins
Armour
 r - a +2 pair of gloves of strength (worn)
 u - a +2 pair of boots of running (worn)
 D - the -2 hat of the Alchemist (worn) {rElec rPois rF+ rC+ rN+ MR+ rMut rCorr}
   (You found it on level 2 of the Vaults)

   It protects you from fire.
   It protects you from cold.
   It insulates you from electricity.
   It protects you from poison.
   It protects you from negative energy.
   It affects your resistance to hostile enchantments.
   It protects you from acid and corrosion.
   It protects you from mutation.
 H - a +11 crystal plate armour (worn)
 J - a +2 cloak of invisibility (worn)
 U - the +2 shield of Resistance (worn) {rF+ rC+ MR+}
   (You acquired it on level 14 of the Dungeon)

   It protects you from fire.
   It protects you from cold.
   It affects your resistance to hostile enchantments.
Jewellery
 f - an uncursed amulet of guardian spirit
 n - an uncursed ring of protection from fire
 q - a +4 amulet of reflection (around neck)
 t - an uncursed ring of see invisible
 y - a +3 ring of protection (right hand)
 E - an uncursed ring of poison resistance {unknown}
 I - an uncursed ring of protection from fire
 N - a +3 ring of evasion
 R - a ring of see invisible (left hand)
Scrolls
 c - a scroll of silence
 e - 23 scrolls of remove curse
 g - 18 scrolls of teleportation
 j - 2 scrolls of brand weapon
 m - 3 scrolls of magic mapping
 x - 12 scrolls of fog
 G - 6 scrolls of identify
 O - 2 scrolls of torment
 T - 2 scrolls of fear
 X - 4 scrolls of blinking
Potions
 h - 8 potions of flight
 i - a potion of might
 l - 3 potions of ambrosia
 o - 7 potions of brilliance
 v - 5 potions of heal wounds
 w - 16 potions of curing
 A - a potion of haste
 B - 2 potions of magic
 C - 5 potions of cancellation
 F - 4 potions of invisibility
 V - a potion of agility
Comestibles
 d - 19 meat rations {!e}
 k - 26 royal jellies


   Skills:
 O Level 27(25.1) Fighting
 + Level 24.2(22.4) Armour
 + Level 11.9(10.5) Dodging
 + Level 16.6(15.0) Shields
 O Level 27(25.1) Unarmed Combat


You had 26 spell levels left.
You didn't know any spells.

Dungeon Overview and Level Annotations

Branches:
Dungeon (15/15)            Temple (1/1) D:6            Lair (6/6) D:8
  Swamp (4/4) Lair:3        Snake (4/4) Lair:3        Slime (5/5) Lair:5
    Orc (2/2) D:12            Elf (2/3) Orc:2        Vaults (4/5) D:14
  Crypt (3/3) Vaults:2       Tomb (0/3) Crypt:3      Depths (5/5) D:15
    Zot (5/5) Depths:5

Altars:
Ashenzari
Cheibriados
Dithmenos
Elyvilon
Fedhas
Gozag
Hepliaklqana
Kikubaaqudgha
Makhleb
Nemelex Xobeh
Okawaru
Qazlal
Ru
Sif Muna
Trog
Uskayaw
Vehumet
Xom
Yredelemnul
Zin
The Shining One
Beogh
Jiyva

Shops:
D:11 %   Orc:2 :[=%   Elf:1 [   Elf:2 :   Vaults:1 ?   Vaults:4 :
Depths:1 }}=   Depths:4 =

Portals:
Hell: Depths:1 Depths:2 Depths:4 Depths:5
Abyss: Depths:4
Pandemonium: Depths:2 Depths:4

Annotations:
D:5 2 transporters
Lair:5 exclusion: 2 oklob plants
Elf:2 3 runed doors
Depths:3 1 runed door
Zot:4 1 transporter


Innate Abilities, Weirdness & Mutations

Your body is rotting away.
You thrive on raw meat.
You are immune to poison.
You have sharp fingernails.
You are carnivorous and can eat meat at any time.
Your flesh is cold resistant. (rC+)
You are frail. (-10% HP)
You are immune to negative energy. (rN+++)
You do not regenerate when monsters are visible.
You are immune to unholy pain and torment.
You can survive without breathing.
You cannot study or use magical devices.
You are hated by all.
You cannot study or cast Conjurations magic.
You cannot study or cast Ice magic.
You cannot study or cast Necromancy magic.
Your casting is slightly disrupted.


Message History

You see here a club.
The shadow demon croaks.
There is a staircase leading out of the dungeon here.
Enter note: Wield which item (- for none, * to show all)? (? for menu, Esc to quit)
b - a +9 blowgun (weapon)
You feel very buoyant.
You fly up into the air.
You feel clever all of a sudden.
You feel agile all of a sudden.
You feel protected.
You fade into invisibility!
You are very lightly contaminated with residual magic.
Okay, then.
You aren't carrying any items that you can evoke.
You reveal the great annihilating truth to your foes!
The soul eater loses its magic into the devouring truth!
You feel drained.
Something screeches, "Flounder, thou tasty meal!"
You have escaped!

#..................#
#..................#
#.........######)###
#.........# #.#
#.........# #3#
#.........# #.##
#.........# #..#
############# ##.#
####8@8#####.#
#.........##.#
#.........##.##
###.........##..#
#...........3.#.#
##########.##.#.#
#.##.#.# #....#.#
###.##.##


You could see a soul eater.

Vanquished Creatures
  the Royal Jelly (Slime:5)
  A pandemonium lord (Depths:2)
  4 orbs of fire
  Mara (Vaults:2)
  3 ancient liches
  2 juggernauts
  Frederick (Depths:3)
  3 caustic shrikes
  Xtahua (Depths:5)
  A Killer Klown (Zot:5)
  Vashnia (Snake:3)
  2 curse toes (Zot:3)
  20 golden dragons
  Jory (Crypt:3)
  A profane servitor (Depths:1)
  An electric golem (Zot:5)
  22 tentacled monstrosities
  A Hell Sentinel (D:14)
  5 liches
  28 Orb Guardians
  3 titans
  21 acid blobs
  9 death cobs
  An Executioner (D:15)
  3 quicksilver dragons
  2 sphinxes
  Gastronok (Lair:2)
  2 ancient champions
  A thorn hunter (Swamp:4)
  Donald (Snake:1)
  5 tengu reavers
  11 shadow dragons
  17 storm dragons
  A revenant (Crypt:3)
  Roxanne (D:14)
  5 nagarajas (Snake:4)
  5 fire giants
  3 draconian knights
  9 frost giants
  A ghost moth (Zot:2)
  13 azure jellies
  2 iron dragons
  Aizul (Swamp:2)
  2 draconian monks
  3 deep elf sorcerers
  Louise (Lair:3)
  11 vault wardens
  5 draconian shifters
  4 draconian scorchers
  2 orc warlords
  A reaper (Zot:4)
  13 ironheart preservers
  5 spriggan defenders
  An angel (Depths:2)
  4 curse skulls
  24 stone giants
  8 draconian annihilators
  A draconian stormcaller (Zot:2)
  A caustic shrike skeleton (Crypt:3)
  6 ghouls
  19 very ugly things
  10 green draconians
  A deep elf demonologist (Depths:3)
  18 vampire knights
  12 black draconians
  6 deep elf annihilators
  14 yellow draconians
  2 lorocyprocas
  20 spark wasps
  12 purple draconians
  15 red draconians
  Azrael (D:12)
  14 white draconians
  2 deep elf death magi (Vaults:1)
  12 ettins
  2 pearl dragon zombies (Depths:1)
  6 eidola
  3 green deaths
  A minotaur (Lab)
  12 jiangshi
  A deep elf high priest (Elf:1)
  6 death oozes
  10 yaktaur captains
  11 fire dragons
  Harold (Lair:3)
  3 rakshasas
  19 great orbs of eyes
  9 hydras
  14 ogre magi
  13 vault guards
  2 hell beasts (Swamp:4)
  8 ice dragons
  21 naga warriors
  An anaconda (shapeshifter) (Vaults:1)
  A catoblepas (Lair:6)
  A quicksilver dragon skeleton (Crypt:3)
  2 spriggan air magi
  10 centaur warriors
  38 two-headed ogres
  2 ghost crabs
  8 deep troll shamans
  16 anacondas
  5 death knights
  An alligator (shapeshifter) (Depths:5)
  8 alligators
  5 deep troll earth magi
  6 death yaks
  18 naga sharpshooters
  3 hell hogs (Depths:1)
  2 titan zombies (Crypt:3)
  8 spriggan berserkers
  2 tengu warriors
  10 dancing weapons
  12 vampire magi
  4 orc high priests (Orc:2)
  A soul eater (Crypt:3)
  10 shock serpents
  A hell knight (Depths:3)
  13 deep elf knights
  A sun demon (D:15)
  A storm dragon zombie (Crypt:3)
  3 salamander mystics
  42 skeletal warriors
  The ghost of DasRunzen the Covert, a novice FeCK of Xom (Lair:2)
  An unseen horror (shapeshifter) (Vaults:4)
  An anaconda zombie (Crypt:3)
  4 iron trolls
  A sixfirhy (Zot:3)
  A shambling mangrove (Swamp:1)
  8 swamp dragons
  28 deep trolls
  4 wizards
  12 naga ritualists
  8 unseen horrors
  18 deep elf archers
  5 glowing orange brains
  10 ironbrand convokers
  8 flayed ghosts
  2 lindwurms (Lair:6)
  A shadow dragon zombie (Crypt:1)
  19 phantasmal warriors
  Pikel (D:5)
  An orange crystal statue (Elf:1)
  19 orc knights
  2 wolf spider zombies (Crypt:3)
  54 ugly things
  2 harpies (Vaults:2)
  2 iron dragon zombies (Crypt:3)
  A fire giant zombie (Crypt:2)
  A manticore (D:14)
  6 wolf spiders
  8 necromancers
  15 orc sorcerers
  A shadow dragon skeleton (Crypt:2)
  2 shining eyes
  44 deep elf magi
  12 mana vipers
  A frost giant zombie (Crypt:3)
  9 cyclopes
  A sphinx skeleton (Crypt:3)
  An iron dragon skeleton (Crypt:3)
  22 moths of wrath
  4 apis skeletons (Depths:1)
  15 salamanders
  A frost giant skeleton (Depths:2)
  An elephant (shapeshifter) (Vaults:1)
  12 guardian serpents
  6 elephants
  25 naga magi
  An ice statue (IceCv)
  A rust devil (Depths:4)
  2 fire giant skeletons
  43 black mambas
  A gargoyle (D:15)
  8 vault sentinels
  5 orange demons
  The ghost of Chaositek the Covert, a novice FeMo of Ashenzari (D:8)
  A guardian serpent (shapeshifter) (Vaults:1)
  16 spiny frogs
  An alligator snapping turtle zombie (Crypt:1)
  A purple draconian zombie (Crypt:2)
  2 black draconian zombies (Crypt:3)
  A rime drake (shapeshifter) (Vaults:4)
  A komodo dragon (shapeshifter) (Vaults:2)
  16 freezing wraiths
  3 rime drakes
  5 komodo dragons
  An ice devil (Depths:4)
  An iron troll zombie (Crypt:2)
  A spark wasp simulacrum (Depths:2)
  52 yaktaurs
  2 hellwings
  2 meliai (Lair:5)
  8 trolls
  A queen bee (Depths:3)
  A red devil (Zot:5)
  9 tyrant leeches
  A hornet (shapeshifter) (Elf:1)
  A harpy skeleton (Crypt:3)
  A wind drake (shapeshifter) (Depths:3)
  An ettin zombie (Crypt:3)
  A slime creature (shapeshifter) (Depths:5)
  A shadow dragon simulacrum (Crypt:2)
  16 hornets
  17 blink frogs
  98 slime creatures
  2 hydra skeletons
  17 hippogriffs
  2 fire giant simulacra
  A snapping turtle (shapeshifter) (Depths:5)
  8 bog bodies
  An iron dragon simulacrum (Crypt:2)
  An ice dragon zombie (Crypt:3)
  A guardian serpent skeleton (Crypt:1)
  3 large abominations
  An ettin skeleton (Crypt:2)
  10 spriggans
  2 black mamba zombies
  13 flying skulls
  Sigmund (D:2)
  A spriggan (shapeshifter) (Vaults:2)
  A ynoxinul (Depths:4)
  3 shadows
  5 redbacks (Elf:2)
  2 air elementals (Elf:1)
  A tarantella (shapeshifter) (D:15)
  4 vampires
  An alligator skeleton (Crypt:1)
  3 wyverns
  16 golden eyes
  13 water elementals
  24 yaks
  A small abomination (Swamp:4)
  18 wraiths
  3 fire bats (D:11)
  11 basilisks
  A fire bat (shapeshifter) (Vaults:4)
  31 vampire mosquitoes
  6 fire elementals
  A chaos spawn (Zot:1)
  A hog (shapeshifter) (D:11)
  A steam dragon (Lair:5)
  2 hungry ghosts
  3 wargs
  A water nymph zombie (Crypt:1)
  A warg (shapeshifter) (D:12)
  14 insubstantial wisps
  71 nagas
  4 hell hounds
  A soldier ant (D:12)
  9 water moccasins
  24 swamp worms
  7 acid dragons
  4 porcupines
  A floating eye (Depths:3)
  4 swamp drakes
  36 orc warriors
  A snapping turtle zombie (Crypt:3)
  A hornet zombie (D:15)
  8 ice beasts
  A black bear (Lair:6)
  A dream sheep zombie (Crypt:3)
  5 necrophages
  5 phantoms
  5 sky beasts
  2 ice dragon simulacra (Crypt:3)
  8 boggarts
  An alligator simulacrum (IceCv)
  7 eyes of draining
  An eye of draining (shapeshifter) (Vaults:2)
  13 wolves
  44 ogres
  7 crocodiles
  10 centaurs
  2 big kobolds (D:10)
  A lindwurm skeleton (Crypt:1)
  2 elf zombies
  14 bullfrogs
  A rime drake skeleton (Crypt:3)
  A wyvern zombie (D:4)
  6 scorpions
  A troll zombie (Crypt:1)
  48 killer bees
  3 swamp dragon simulacra (IceCv)
  16 wights
  A vampire bat (D:11)
  A yak skeleton (Crypt:3)
  11 electric eels
  A howler monkey (D:4)
  A human simulacrum (Vaults:3)
  3 centaur zombies
  9 crimson imps
  4 bullfrog zombies
  5 draconian simulacra (IceCv)
  12 hounds
  7 jellies
  2 quasits
  A bullfrog skeleton (Crypt:1)
  25 orc priests
  28 orc wizards
  A gnoll shaman (D:5)
  An iron imp (Depths:2)
  5 centaur skeletons
  2 iguanas
  4 hell rats
  4 spriggan simulacra (IceCv)
  5 troll simulacra (IceCv)
  16 worker ants
  An ogre zombie (Crypt:3)
  2 tengu zombies (Crypt:3)
  An acid dragon skeleton (Crypt:1)
  A hound zombie (D:6)
  A naga skeleton (Crypt:1)
  2 hound skeletons
  Robin (D:2)
  4 gnolls
  6 naga simulacra (IceCv)
  11 river rats
  12 adders
  4 shadow imps
  12 white imps
  3 ufetubi (Depths:4)
  7 oozes
  An adder zombie (D:7)
  An adder skeleton (Crypt:2)
  8 worms
  A ball lightning (Swamp:1)
  2 barachi skeletons
  5 dart slugs
  5 leopard geckos
  84 orcs
  12 bats
  5 giant cockroaches
  15 goblins
  10 hobgoblins
  17 jackals
  13 kobolds
  7 quokkas
  2 ball pythons
  6 frilled lizards
  A giant cockroach zombie (Crypt:2)
  A kobold zombie (Crypt:3)
  A leopard gecko skeleton (Crypt:2)
  A quokka zombie (Crypt:1)
  16 rats
  A rat skeleton (Crypt:1)
2610 creatures vanquished.

Vanquished Creatures (collateral kills)
  A black mamba (Lair:4)
  A wolf (Lair:4)
2 creatures vanquished.

Vanquished Creatures (others)
  A juggernaut (Depths:4)
  A tentacled monstrosity (Zot:4)
  Asterion (Depths:2)
  The ghost of IsvaffelMax the Spry, an adept HaAE of Vehumet (Swamp:1)
  A fire giant (Depths:2)
  An ironheart preserver (Vaults:1)
  A purple draconian (Zot:4)
  An eidolon (Crypt:2)
  A jiangshi (Crypt:2)
  An alligator (Swamp:1)
  3 dancing weapons
  2 deep elf knights
  A naga sharpshooter (Snake:4)
  A shock serpent (Snake:4)
  3 deep trolls
  A harpy (Vaults:2)
  2 mana vipers
  A salamander (Snake:3)
  An ugly thing (Depths:2)
  A moth of wrath (Zot:5)
  A guardian serpent (Snake:4)
  A spiny frog (Swamp:2)
  A slime creature (Slime:1)
  A bog body (Swamp:4)
  A vampire (Vaults:2)
  A water elemental (Depths:5)
  A vampire mosquito (Swamp:2)
  An ogre (Depths:3)
  An orc priest (Orc:1)
  An adder (D:5)
  An ufetubus (Depths:4)
  12 ball lightnings (Swamp:1)
  4 orcs
  7 jackals
  A quokka (D:5)
  3 briar patches (Swamp:4)
  6 fungi
  13 plants
83 creatures vanquished.

Grand Total: 2695 creatures vanquished

Notes
Turn   | Place    | Note
-------+----------+-------------------------------------------
     0 | D:1      | newuser the Ghoul Fighter began the quest for the Orb.
     0 | D:1      | Reached XP level 1. HP: 19/19 MP: 0/0
   129 | D:1      | Reached XP level 2. HP: 26/26 MP: 1/1
   757 | D:1      | Reached XP level 3. HP: 28/31 MP: 2/2
   837 | D:2      | Found a shadowy altar of Dithmenos.
  1094 | D:2      | Noticed Sigmund
  1277 | D:3      | Reached XP level 4. HP: 32/38 MP: 3/3
  1438 | D:3      | Reached skill level 5 in Unarmed Combat
  2017 | D:3      | Reached XP level 5. HP: 38/45 MP: 4/4
  2073 | D:4      | Noticed an ogre
  2674 | D:4      | Reached XP level 6. HP: 41/48 MP: 5/5
  2750 | D:4      | Noticed a phantom
  2860 | D:4      | Killed a phantom
  2878 | D:4      | Reached XP level 7. HP: 45/57 MP: 6/6
  3139 | D:5      | Entered Level 5 of the Dungeon
  3164 | D:5      | Found a glowing golden altar of the Shining One.
  3199 | D:5      | Noticed Pikel
  3224 | D:5      | Killed Pikel
  3224 | D:5      | Reached skill level 10 in Unarmed Combat
  3224 | D:5      | Reached XP level 8. HP: 13/63 MP: 7/7
  3279 | D:5      | Found a hide-covered altar of Uskayaw.
  3453 | D:5      | Found a blossoming altar of Fedhas.
  4028 | D:6      | Found a shattered altar of Ashenzari.
  4041 | D:6      | Found a staircase to the Ecumenical Temple.
  4100 | Temple   | Entered the Ecumenical Temple
  4290 | Temple   | i kinda wanna try ru
  4290 | Temple   | newuser: ??ru
  4290 | Temple   | beem: ru[1/8]: Ru grants great power to adherents who renounce the world by making sacrifices. Worshippers are periodically offered a choice of three sacrifices, and gain piety for accepting one of them. The offers are refreshed more slowly if you ignore them, more quickly with faith. Removing faith causes the next sacrifice to be delayed with no piety loss.
  4290 | Temple   | newuser: ??ru[2]
  4290 | Temple   | beem: ru[2/8]: Granted powers: 1* Aura of Power: Attacking enemies falter and/or attack themselves or other enemies. 2* Aura of Power: Enemies that damage you can receive statuses. 3* {Draw Out Power}: restore health and mana. 4* {Power Leap}: jump three tiles and explode at destination. 5* {Apocalypse}: deal huge damage and inflict statuses to everything on screen. All powers scale with piety.
  4290 | Temple   | newuser: ??ru[3]
  4290 | Temple   | beem: ru[3/8]: If a sacrifice takes away a skill, you earn extra piety for the amount of skill points (not levels, how much experience it took) put into the skill. For example, at apt 0 and skill 12 you'd get an extra 8-9 piety. 20?, 28. 27?, 60.
  4290 | Temple   | newuser: ??ru[4]
  4290 | Temple   | beem: ru[4/8]: Previously named Iashol, a.k.a 'I, Asshole'
  4314 | Temple   | Became a worshipper of Ru the Awakened
  4354 | D:6      | Reached skill level 5 in Fighting
  4449 | D:6      | Reached XP level 9. HP: 73/74 MP: 8/8
  4827 | D:2      | Killed Sigmund
  4894 | D:2      | Noticed Robin
  4924 | D:2      | Killed Robin
  4950 | D:2      | Found a hazy altar of Hepliaklqana.
  5421 | D:5      | Found a hide-covered altar of Uskayaw.
  5639 | D:5      | Found a blossoming altar of Fedhas.
  5795 | D:5      | Found a glowing golden altar of the Shining One.
  5827 | D:5      | Found a glowing golden altar of the Shining One.
  5895 | D:5      | Found a hide-covered altar of Uskayaw.
  6577 | D:7      | Gained mutation: Your casting is slightly disrupted. [Ru sacrifice]
  6984 | D:8      | Noticed Chaositek's ghost (novice FeMo)
  7062 | D:7      | Reached XP level 10. HP: 83/86 MP: 9/9
  7203 | D:8      | Reached XP level 11. HP: 92/92 MP: 10/10
  7664 | D:9      | Found a blossoming altar of Fedhas.
  8191 | D:10     | Entered Level 10 of the Dungeon
  8553 | D:10     | Got a glittering turquoise ring
  8858 | D:11     | Found Ejyowy's Food Shop.
  8894 | D:11     | Reached skill level 5 in Armour
  9059 | D:11     | Noticed a cyclops
  9097 | D:11     | Killed a cyclops
  9121 | D:11     | Found a shattered altar of Ashenzari.
  9229 | D:11     | Reached skill level 5 in Shields
  9263 | D:11     | Killed an unseen horror
  9286 | D:11     | Killed an unseen horror
  9504 | D:11     | Killed an unseen horror
  9504 | D:11     | Reached XP level 12. HP: 71/104 MP: 9/11
  9633 | D:11     | Noticed a two-headed ogre
  9639 | D:11     | Killed a two-headed ogre
 10019 | D:11     | Identified the ring of Linearity {Int+6 Stlth-} (You found it on level 10 of the Dungeon)
 10488 | D:12     | Noticed a two-headed ogre
 10933 | D:12     | Reached skill level 10 in Fighting
 10982 | D:12     | Noticed Azrael
 11394 | D:8      | Found a staircase to the Lair.
 11510 | D:8      | Noticed a two-headed ogre
 11515 | D:8      | Killed a two-headed ogre
 11657 | D:8      | Killed Chaositek's ghost
 11895 | D:8      | omg how many are there
 11993 | Lair:1   | Entered Level 1 of the Lair of Beasts
 12167 | Lair:1   | Found a frozen archway.
 12231 | IceCv    | Entered an ice cave
 12320 | IceCv    | Reached XP level 13. HP: 58/114 MP: 5/12
 13377 | IceCv    | Found an ancient bone altar of Kikubaaqudgha.
 14792 | Lair:2   | Noticed DasRunzen's ghost (novice FeCK)
 14809 | Lair:2   | Killed DasRunzen's ghost
 14910 | Lair:2   | Noticed Gastronok
 15476 | Lair:3   | Found a staircase to the Snake Pit.
 15506 | Lair:3   | Noticed Harold
 15528 | Lair:3   | Killed Harold
 15750 | Lair:3   | Found a staircase to the Swamp.
 16297 | Lair:4   | Got a warped leather armour
 16355 | Lair:4   | Reached skill level 1 in Dodging
 17425 | Lair:5   | Found a viscous altar of Jiyva.
 17425 | Lair:5   | Found a staircase to the Slime Pits.
 17594 | Lair:5   | Reached XP level 14. HP: 101/125 MP: 10/13
 18137 | Lair:6   | Entered Level 6 of the Lair of Beasts
 18193 | Lair:6   | Gained mutation: You cannot study or cast Ice magic. [Ru sacrifice]
 18193 | Lair:6   | Gained mutation: You cannot study or cast Necromancy magic. [Ru sacrifice]
 18193 | Lair:6   | Gained mutation: You cannot study or cast Conjurations magic. [Ru sacrifice]
 18193 | Lair:6   | Reached * piety under Ru
 20101 | Lair:2   | Killed Gastronok
 20629 | D:10     | Identified the +3 leather armour "Nimn" {*Drain rElec rC+++ Str-3} (You found it on level 4 of the Lair of Beasts)
 21130 | D:13     | Found a radiant altar of Vehumet.
 21409 | D:14     | Identified a scroll of acquirement
 21443 | D:14     | Found a labyrinth entrance.
 21487 | D:14     | Reached XP level 15. HP: 77/137 MP: 7/14
 21582 | Lab      | Entered a labyrinth
 22327 | Lab      | Got a slimy platinum ring
 22364 | D:14     | Found a gate to the Vaults.
 22455 | D:14     | Identified the ring "Lidadwil" {+Blink rF- rN+ Str+4 Dex+4} (You took it off a minotaur in a labyrinth)
 22628 | D:14     | Noticed Roxanne
 23011 | D:15     | Entered Level 15 of the Dungeon
 23902 | D:15     | Found a hazy altar of Hepliaklqana.
 24012 | D:15     | Found a basalt altar of Yredelemnul.
 24014 | D:15     | Found a shimmering altar of Xom.
 24014 | D:15     | Found a bloodstained altar of Trog.
 24020 | D:15     | Found a shimmering altar of Xom.
 24020 | D:15     | Found a white marble altar of Elyvilon.
 24020 | D:15     | Found a basalt altar of Yredelemnul.
 24865 | D:5      | Found a blossoming altar of Fedhas.
 25184 | Swamp:1  | Entered Level 1 of the Swamp
 25359 | Swamp:1  | Reached skill level 15 in Fighting
 25410 | Swamp:1  | Gained mutation: You are hated by all. [Ru sacrifice]
 25410 | Swamp:1  | Reached ** piety under Ru
 25410 | Swamp:1  | Reached *** piety under Ru
 25565 | Swamp:1  | Noticed IsvaffelMax's ghost (adept HaAE)
 25687 | Swamp:2  | Reached XP level 16. HP: 137/149 MP: 13/15
 25733 | Swamp:2  | Noticed Aizul
 25759 | Swamp:2  | Killed Aizul
 25912 | Swamp:2  | Reached skill level 10 in Armour
 26466 | Swamp:3  | Got a pair of encrusted gloves
 26704 | Swamp:3  | Identified the cursed +0 pair of gloves of Fun and Games {+Inv Str-4 Int+5} (You found it on level 3 of the Swamp)
 27048 | Swamp:4  | Entered Level 4 of the Swamp
 27293 | Swamp:1  | Killed IsvaffelMax's ghost
 27583 | Swamp:1  | HP: 11/151 [spriggan rider/enchanted spear (6)]
 28188 | D:12     | Found a staircase to the Orcish Mines.
 28208 | D:12     | Found a roughly hewn altar of Beogh.
 28305 | D:12     | Killed Azrael
 28373 | Orc:1    | Entered Level 1 of the Orcish Mines
 28702 | Orc:2    | Entered Level 2 of the Orcish Mines
 28883 | Orc:1    | Found a roughly hewn altar of Beogh.
 29080 | Orc:2    | Found a roughly hewn altar of Beogh.
 29221 | Orc:2    | Found a staircase to the Elven Halls.
 29482 | Orc:2    | Found Wexyjidgh's Food Shop.
 29818 | Orc:2    | Found Doemor's Jewellery Emporium.
 29844 | Orc:2    | Found Wolil's Book Shop.
 29845 | Orc:2    | Found Ynekas's Antique Armour Emporium.
 30256 | Orc:2    | Found a roughly hewn altar of Beogh.
 30795 | Lair:6   | Got a faintly humming plate armour
 30796 | Lair:6   | Identified the +3 plate armour of the Ten Wishes {Str+4 Int+4 Dex-5} (You found it on level 6 of the Lair of Beasts)
 31116 | Snake:1  | Entered Level 1 of the Snake Pit
 31116 | Snake:1  | Noticed Louise
 31157 | Lair:3   | Killed Louise
 31259 | Snake:1  | Reached XP level 17. HP: 161/161 MP: 16/16
 31334 | Snake:1  | Noticed Donald
 31354 | Snake:1  | Killed Donald
 32951 | Snake:2  | Found a shimmering altar of Xom.
 34291 | Snake:3  | Reached skill level 1 in Evocations
 34396 | Snake:4  | Entered Level 4 of the Snake Pit
 34518 | Snake:4  | Reached XP level 18. HP: 164/172 MP: 12/18
 35434 | Snake:4  | Got a faintly glowing steel amulet
 35448 | Snake:3  | Identified the amulet of the Voivode {RegenMP rF+ rN++ MR- Int+3} (You found it on level 4 of the Snake Pit)
 36171 | Swamp:4  | Reached skill level 10 in Shields
 37459 | Swamp:4  | Got a decaying rune of Zot
 37688 | Lair:3   | cmon ru gimme sumthin
 37804 | Snake:4  | Noticed Vashnia
 38099 | Vaults:1 | Entered Level 1 of the Vaults
 38533 | Vaults:1 | Found a portal to a secret trove of treasure.
 38666 | Vaults:1 | Gained mutation: You are frail. (-10% HP) [Ru sacrifice]
 38666 | Vaults:1 | Reached **** piety under Ru
 38666 | Vaults:1 | Reached ***** piety under Ru
 38691 | Vaults:1 | Reached XP level 19. HP: 149/164 MP: 18/20
 39182 | Vaults:1 | Found Tuiqu's Magic Scroll Shoppe.
 39214 | Vaults:1 | Bought a scroll of teleportation for 66 gold pieces
 39214 | Vaults:1 | Bought a scroll of identify for 44 gold pieces
 39990 | Vaults:1 | Bought a scroll of identify for 44 gold pieces
 39990 | Vaults:1 | Bought a scroll of remove curse for 66 gold pieces
 40073 | Vaults:2 | Noticed Mara
 40107 | Vaults:2 | Killed Mara
 40514 | Vaults:2 | Found a staircase to the Crypt.
 40964 | Vaults:2 | Reached XP level 20. HP: 175/175 MP: 21/21
 41727 | Crypt:1  | Entered Level 1 of the Crypt
 42101 | Crypt:1  | You fall through a shaft!
 43241 | Crypt:3  | Entered Level 3 of the Crypt
 44022 | Crypt:3  | Reached XP level 21. HP: 159/186 MP: 19/22
 44127 | Crypt:3  | Found a staircase to the Tomb.
 44939 | Crypt:3  | Noticed Jory
 44964 | Crypt:3  | Killed Jory
 45675 | Crypt:3  | Found a basalt altar of Yredelemnul.
 45700 | Crypt:3  | Noticed an ancient lich
 45722 | Crypt:3  | Killed an ancient lich
 46039 | Crypt:3  | Gained mutation: You cannot study or use magical devices. [Ru sacrifice]
 46039 | Crypt:3  | Reached ****** piety under Ru
 47095 | Vaults:3 | jesus
 47125 | Vaults:3 | Reached XP level 22. HP: 148/198 MP: 15/21
 47580 | Vaults:3 | Reached skill level 15 in Armour
 49534 | Vaults:4 | Found Dehawania's Book Emporium.
 49803 | Vaults:1 | oh snap i cannot use the flight ring
 49939 | Elf:1    | Entered Level 1 of the Elven Halls
 50155 | Elf:1    | Found Kaeturr's Armour Boutique.
 50854 | Elf:2    | Found Iruelosmil's Book Boutique.
 50892 | Elf:2    | should we get the abyss rune now?
 50975 | Elf:2    | Found a runed gate.
 50975 | Elf:2    | Found a runed gate.
 50976 | Elf:2    | Found a runed gate.
 51864 | Snake:3  | Killed Vashnia
 51864 | Snake:3  | Reached XP level 23. HP: 160/208 MP: 18/22
 52506 | Snake:4  | hah neat
 52799 | Snake:4  | Got a serpentine rune of Zot
 53334 | D:14     | Killed Roxanne
 53418 | D:15     | Found a staircase to the Depths.
 53452 | Depths:1 | Entered Level 1 of the Depths
 53455 | Depths:1 | Found Wosankyt's Jewellery Shop.
 53455 | Depths:1 | Found Basegil's Gadget Shoppe.
 53456 | Depths:1 | Found Ynaotom's Gadget Shoppe.
 53892 | Depths:1 | Found a burning altar of Makhleb.
 54023 | Depths:1 | Found a basalt altar of Yredelemnul.
 54197 | Depths:1 | Found a gateway to Hell.
 54347 | Depths:2 | Found a glowing golden altar of the Shining One.
 54370 | Depths:2 | good name for a sling
 54673 | Depths:2 | Noticed Asterion
 54688 | Depths:2 | Reached XP level 24. HP: 218/218 MP: 22/22
 54700 | Depths:2 | Killed Asterion
 54950 | Depths:2 | Found a one-way gate leading to the halls of Pandemonium.
 55800 | Depths:3 | Noticed Frederick
 55813 | Depths:3 | Killed Frederick
 56077 | Depths:3 | Noticed a caustic shrike
 56112 | Depths:3 | Found a runed door.
 56228 | Depths:3 | Paralysed by a floating eye for 2 turns
 56360 | Depths:3 | what
 56695 | Depths:3 | Killed a caustic shrike
 56806 | Depths:3 | Noticed a juggernaut
 56834 | Depths:3 | Killed a juggernaut
 57054 | Depths:3 | Reached XP level 25. HP: 222/226 MP: 21/22
 57247 | Depths:3 | oh fuck i cannot use wands of digging
 57333 | Depths:4 | Noticed a juggernaut
 57344 | Depths:4 | Killed a juggernaut
 57448 | Depths:4 | Got a smoking chain mail
 57459 | Depths:4 | Identified the +2 chain mail of Sin {rElec Dex+4} (You found it on level 4 of the Depths)
 57476 | Depths:4 | Noticed a juggernaut
 57491 | Depths:4 | Killed a juggernaut
 57895 | Depths:4 | Found Pedizea's Jewellery Shop.
 57901 | Depths:4 | Found a one-way gate to the infinite horrors of the Abyss.
 57956 | Depths:4 | Reached skill level 27 in Fighting
 58487 | Depths:5 | Entered Level 5 of the Depths
 58913 | Depths:5 | Found a gate to the Realm of Zot.
 59152 | Depths:5 | Reached XP level 26. HP: 238/238 MP: 22/22
 59547 | Depths:5 | Noticed Xtahua
 59554 | Depths:5 | Killed Xtahua
 59555 | Depths:5 | did you mean: xaxua?
 60165 | Slime:1  | Entered Level 1 of the Pits of Slime
 61228 | Slime:5  | Entered Level 5 of the Pits of Slime
 61680 | Slime:5  | Found a viscous altar of Jiyva.
 61681 | Slime:5  | Noticed the Royal Jelly
 61707 | Slime:5  | fail
 61707 | Slime:5  | Killed the Royal Jelly
 62657 | Slime:5  | Got a slimy rune of Zot
 63241 | Vaults:1 | You paid a toll of 20 scrolls of identify to enter a treasure trove
 63242 | Trove    | Entered a treasure trove
 63270 | Trove    | Got a scorched helmet
 63281 | Trove    | Identified the +0 helmet "Lodor" {rElec Str+5 Int+4 Dex+3} (You found it in a treasure trove)
 63282 | Trove    | Got a dazzling helmet
 63293 | Trove    | Identified the -1 helmet "Raomakli" {rPois rC+ Int+3} (You found it in a treasure trove)
 63307 | Trove    | Got a pair of brightly glowing gloves
 63318 | Trove    | Identified the +0 pair of gloves of the Salamander {rElec} (You found it in a treasure trove)
 63328 | Trove    | Got a pair of slimy gloves
 63334 | Trove    | Identified the +0 pair of gloves "Tumeorch" {rN+ Int+7 Stlth+} (You found it in a treasure trove)
 63406 | Trove    | Got a scorched leather armour
 63412 | Trove    | Identified the +3 leather armour of Reason {Dex+4} (You found it in a treasure trove)
 63424 | Trove    | Got a distressingly furry leather armour
 63430 | Trove    | Identified the +2 leather armour "Biora" {rC+ Int+4 Dex+4} (You found it in a treasure trove)
 63676 | Zot:1    | Entered Level 1 of the Realm of Zot
 63806 | Zot:1    | Reached XP level 27. HP: 241/245 MP: 22/22
 64240 | Elf:1    | Bought a +2 pair of boots of running for 622 gold pieces
 65817 | Zot:2    | Reached skill level 27 in Unarmed Combat
 66654 | Zot:3    | Reached skill level 5 in Dodging
 66748 | Zot:3    | Noticed an orb of fire
 66759 | Zot:3    | Killed an orb of fire
 67601 | Zot:3    | HP: 20/245 [white draconian annihilator/iron shot (37)]
 68669 | Zot:5    | Entered Level 5 of the Realm of Zot
 68819 | Zot:5    | Reached skill level 15 in Shields
 69028 | Zot:5    | Noticed an ancient lich
 69033 | Zot:5    | Killed an ancient lich
 69038 | Zot:5    | Noticed an orb of fire
 69064 | Zot:5    | Killed an orb of fire
 69112 | Zot:5    | Reached skill level 10 in Dodging
 69121 | Zot:5    | Noticed an orb of fire
 69138 | Zot:5    | Killed an orb of fire
 69146 | Zot:5    | Noticed an orb of fire
 69165 | Zot:5    | Killed an orb of fire
 69204 | Zot:5    | Noticed an ancient lich
 69224 | Zot:5    | Killed an ancient lich
 69407 | Zot:5    | Got the Orb of Zot
 69409 | Zot:5    | Noticed Duaghar the pandemonium lord
 69724 | Depths:2 | Noticed Bocenwapt the pandemonium lord
 69740 | Depths:2 | Killed Bocenwapt the pandemonium lord
 70254 | D:$      | Escaped with the Orb!

Skill      XL: |  1  2  3  4  5  6  7  8  9 10 11 12 13 14 15 16 17 18 19 20 21 22 23 24 25 26 27 |
---------------+----------------------------------------------------------------------------------+-----
Unarmed Combat | 3 4 5 6 8 10 11 16 17 19 20 21 22 23 24 25 26 27 | 27.0
Fighting       | 5 7 9 10 11 13 15 17 18 19 20 22 23 24 25 26 27 | 27.0
Armour         | 3 6 7 8 9 10 11 12 13 14 15 16 17 19 21 24 | 24.2
Shields        | 5 7 8 9 10 12 16 | 16.6
Dodging        | 1 11 | 11.9
Evocations     | 1 3 0 |  0.0

Action                   |  1- 3 |  4- 6 |  7- 9 | 10-12 | 13-15 | 16-18 | 19-21 | 22-24 | 25-27 || total
-------------------------+-------+-------+-------+-------+-------+-------+-------+-------+-------++-------
Melee: Unarmed           |   176 |   163 |   325 |   734 |  1334 |  2000 |  1797 |  2038 |  2715 || 11282
Throw: Stone             |       |       |     3 |     5 |     1 |       |       |       |       ||     9
       Javelin           |       |       |       |     7 |       |    11 |       |       |       ||    18
       Tomahawk          |       |       |       |     1 |    36 |       |       |       |       ||    37
Invok: Sacrifice Essence |       |       |     1 |       |       |       |       |       |       ||     1
       Reject Sacrifices |       |       |       |     2 |     1 |     2 |     1 |       |       ||     6
       Sacrifice Arcana  |       |       |       |       |     1 |       |       |       |       ||     1
       Sacrifice Love    |       |       |       |       |     1 |       |       |       |       ||     1
       Draw Out Power    |       |       |       |       |       |     2 |     1 |       |       ||     3
       Sacrifice Health  |       |       |       |       |       |     1 |       |       |       ||     1
       Apocalypse        |       |       |       |       |       |       |     1 |     1 |     2 ||     4
       Sacrifice Artific |       |       |       |       |       |       |     1 |       |       ||     1
Evoke: Wand              |       |       |       |    17 |    19 |     3 |     3 |       |       ||    42
       Sack of spiders   |       |       |       |       |       |    27 |       |       |       ||    27
       Lightning rod     |       |       |       |       |       |       |     3 |       |       ||     3
  Use: Potion            |     2 |       |     2 |     2 |     8 |    10 |     3 |       |    14 ||    41
       Scroll            |       |     1 |     7 |    12 |    16 |    21 |     7 |       |     8 ||    72
 Stab: Distracted        |       |       |       |       |     3 |     2 |     5 |     8 |    21 ||    39
       Invisible         |       |       |       |       |       |     2 |    21 |    16 |    12 ||    51
       Paralysed         |       |       |       |       |       |       |     4 |     7 |     2 ||    13
  Eat: Chunk             |    15 |    13 |    38 |   113 |   182 |   266 |    97 |   176 |   217 ||  1117
       Meat ration       |       |       |       |       |     1 |     1 |     2 |       |     2 ||     6
Armor: Scale mail        |    76 |    50 |    83 |    14 |       |       |       |       |       ||   223
       Plate armour      |       |       |       |   369 |   552 |   680 |   152 |       |       ||  1753
       Crystal plate arm |       |       |       |       |       |       |   427 |   724 |  1072 ||  2223
Dodge: Dodged            |    53 |    34 |    68 |    96 |   266 |   439 |   187 |   144 |   367 ||  1654
Block: Shield            |    71 |    65 |    95 |   265 |   205 |   931 |   644 |   820 |  1307 ||  4403
       Buckler           |       |       |       |       |   157 |       |       |       |       ||   157
       Reflection        |       |       |       |       |       |       |       |       |     9 ||     9
